 Dungeon Crawl Stone Soup version v1.0-4-gf91daec (webtiles) character file.

511 Chic the Basher (level 6, -4/51 HPs)
             Began as a Minotaur Fighter on Feb 17, 2018.
             Slain by Chic's ghost (8 damage)
             ... on level 4 of the Dungeon.
             The game lasted 00:08:22 (3199 turns).

Chic the Basher (Minotaur Fighter)                  Turns: 3199, Time: 00:08:22

Health: -4/51      AC: 10    Str: 23    XL:     6   Next: 99%
Magic:  5/5        EV:  7    Int:  5    God:
Gold:   206        SH:  9    Dex:  9    Spells: 5/5 levels left

rFire    . . .     SeeInvis .   a - +0 flail
rCold    . . .     Gourm    .   c - +0 shield
rNeg     . . .     Faith    .   b - +0 scale mail
rPois    .         Spirit   .   (helmet restricted)
rElec    .         Reflect  .   B - +0 cloak
rCorr    .         Harm     .   v - +0 pair of gloves
MR       .....                  k - +0 pair of boots
Stlth    ..........             u - amulet of magic regeneration
HPRegen  0.17/turn              e - ring of fire
MPRegen  0.34/turn              q - ring of ice

@: no status effects
A: retaliatory headbutt, horns 2
a: no special abilities


You were on level 4 of the Dungeon.
You were hungry.

You visited 1 branch of the dungeon, and saw 4 of its levels.

You collected 206 gold pieces.

Inventory:

Hand Weapons
 a - a +0 flail (weapon)
Missiles
 A - 5 javelins (quivered)
Armour
 b - a +0 scale mail (worn)
 c - a +0 shield (worn)
 k - a +0 pair of boots (worn)
 v - a +0 pair of gloves (worn)
 B - a +0 cloak (worn)
Jewellery
 e - a ring of fire (left hand)
 q - a ring of ice (right hand)
 u - an amulet of magic regeneration (around neck)
 z - an uncursed ring of wizardry
Wands
 y - a wand of enslavement (11)
Scrolls
 g - 2 scrolls of enchant armour {unknown}
 h - 3 scrolls of remove curse {unknown}
 i - 3 scrolls of identify {unknown}
 m - a scroll of random uselessness {unknown}
 n - 2 scrolls of enchant weapon {unknown}
 r - 2 scrolls of fog {unknown}
 s - 3 scrolls of amnesia {unknown}
 x - a scroll of teleportation {unknown}
 C - a scroll of noise {unknown}
Potions
 d - 2 potions of might
 j - a potion of lignification {unknown}
 l - a potion of brilliance {unknown}
 o - a potion of curing {unknown}
 p - a potion of mutation {unknown}
 t - a potion of haste {unknown}
 w - a potion of flight {unknown}
 D - a potion of cancellation
 E - a potion of restore abilities
Comestibles
 f - 10 rations


   Skills:
 - Level 3.6 Fighting
 + Level 9.2 Maces & Flails
 - Level 3.6 Armour
 - Level 3.6 Shields


You had 5 spell levels left.
You didn't know any spells.

Dungeon Overview and Level Annotations

Branches:
Dungeon (4/15)
 Temple: D:4-7

Altars:
Qazlal

Annotations:
D:4 Chic's ghost, amateur MiFi


Innate Abilities, Weirdness & Mutations

You reflexively headbutt those who attack you in melee.
You have a pair of horns on your head.


Message History

Chic's spookycrab is lightly dacastercrabd.
You block Chic's spookycrab's attack.
You closely miss Chic's spookycrab. Your headbutt misses Chic's spookycrab.
Chic's spookycrab is lightly dacastercrabd.
Chic's spookycrab hits you.
You barely miss Chic's spookycrab.
Chic's spookycrab is lightly dacastercrabd.
Chic's spookycrab screams, "Don't try to defend!
You have no chance!"
Chic's spookycrab completely misses you.
You closely miss Chic's spookycrab. You headbutt Chic's spookycrab!
Chic's spookycrab is moderately dacastercrabd.
Chic's spookycrab hits you!
* * * CRAB GONE DIE * * *
You hit Chic's spookycrab. You headbutt Chic's spookycrab.
Chic's spookycrab is heavily dacastercrabd.
Chic's spookycrab hits you!
* * * CRAB GONE DIE * * *
It was a crabjuice of cancellation.
You feel magically purged. Chic's spookycrab hits you!
Your journey is over little crab

#........# §§§ #.
#........# §§§§ ##
#.....)).#§§§§§ ..
##...##).#§§§§§
.r.#######..######
....$...##)....._#
.....%..##..######
....r..)....#§§§§§
.........@..#§§§§§
...#######W.#§§§§§
. .. #..# §§§§ #.
. ...# ### #. .<..
... ..... ...
..... ... ######
... ..


You could see Chic's ghost and a quokka.

Vanquished Creatures
  A phantom (D:4)
  An ogre (D:4)
  The ghost of plsesad the Magician, an amateur DEFE (D:3)
  A scorpion (D:4)
  An orc wizard (D:4)
  A worker ant (D:4)
  A hound skeleton (D:4)
  4 adders
  3 gnolls (D:3)
  A shadow imp (D:4)
  2 worms
  A dart slug (D:2)
  4 leopard geckos
  4 orcs (D:4)
  2 giant cockroaches (D:1)
  4 goblins
  3 hobgoblins (D:1)
  12 jackals
  10 kobolds
  3 quokkas
  2 ball pythons (D:1)
  2 bats
  4 frilled lizards
  9 rats
77 creatures vanquished.

Notes
Turn   | Place    | Note
-------+----------+-------------------------------------------
     0 | D:1      | Chic the Minotaur Fighter began the quest for the Orb.
     0 | D:1      | Reached XP level 1. HP: 19/19 MP: 0/0
    65 | D:1      | Reached skill level 3 in Maces & Flails
   183 | D:1      | Reached XP level 2. HP: 26/26 MP: 1/1
   771 | D:2      | Reached skill level 4 in Maces & Flails
   771 | D:2      | Reached XP level 3. HP: 28/31 MP: 2/2
  1343 | D:2      | Reached skill level 5 in Maces & Flails
  1778 | D:2      | Reached XP level 4. HP: 34/39 MP: 3/3
  2017 | D:3      | Noticed plsesad's ghost (amateur DEFE)
  2024 | D:3      | Killed plsesad's ghost
  2024 | D:3      | Reached skill level 6 in Maces & Flails
  2024 | D:3      | Reached XP level 5. HP: 28/45 MP: 4/4
  2983 | D:4      | Reached skill level 7 in Maces & Flails
  2989 | D:4      | Noticed an ogre
  2998 | D:4      | Killed an ogre
  2998 | D:4      | Reached skill level 8 in Maces & Flails
  2998 | D:4      | Reached XP level 6. HP: 34/51 MP: 5/5
  3109 | D:4      | Reached skill level 9 in Maces & Flails
  3153 | D:4      | Found a stormy altar of Qazlal.
  3192 | D:4      | Noticed Chic's ghost (amateur MiFi)
  3199 | D:4      | Slain by Chic's ghost

Skill      XL: |  1  2  3  4  5  6 |
---------------+-------------------+-----
Maces & Flails | 3 4 5 6 8 9 |  9.2
Fighting       | |  3.6
Armour         | |  3.6
Shields        | |  3.6

Action                   |  1- 3 |  4- 6 || total
-------------------------+-------+-------++-------
Melee: Flail             |   120 |   121 ||   241
       Headbutt          |    15 |    25 ||    40
  Use: Potion            |       |     1 ||     1
  Eat: Chunk             |     2 |     5 ||     7
Armor: Scale mail        |    54 |    41 ||    95
Dodge: Dodged            |    33 |    30 ||    63
Block: Shield            |    54 |    48 ||   102
